AoeStats
← mati

Nomad

509915847Analyzed
4v4 RM · 3d ago on Sep 28, 2026· 56m 43s· 8 players
Game mode
Random Map
Map size
231×231
Population
200
Speed
Normal
Resources
Standard
Victory
Conquest
Starting age
Dark Age
Ending age
Imperial Age
RankedLock teamsTeams togetherTeam positionsShared explorationLock speedFull tech treeHidden civsTurbo modeCheats
Victory
Defeat
🇨🇳 Franks · China
1150
+14
🇦🇺 Saxons · Australia
1140
+15
🇧🇾 Armenians · Belarus
1129
+15
🇨🇳 Huns · China
1128
+15
🇸🇪 Magyars · Sweden
1117
-15
🇧🇷 Cumans · Brazil
1111
-15
🇦🇷 Vietnamese · Argentina
1109
-15
🇹🇷 Japanese · Türkiye
1096
-14
Subuday Noyan
16:55 Feudal Age
20:47 Castle Age
18:33 Fishing Lines
18:50 Double-Bit Axe
19:17 Gold Mining
20:16 Stone Mining
20:44 Scale Mail Armor
20:56 Forging
21:57 Bow Saw
24:13 Gold Shaft Mining
23:57 Chain Mail Armor
24:17 Iron Casting
26:02 Loom
28:22 Wheelbarrow
27:55 Gillnets
27:58 Fletching
31:54 Imperial Age
29:43 Padded Archer Armor
29:28 Crossbowman
30:53 Hand Cart
30:50 Bodkin Arrow
33:19 Bracer
33:50 Plate Mail Armor
34:02 Gambesons
34:18 Squires
34:04 Arson
35:00 Town Watch
35:42 Ballistics
36:23 Chemistry
36:53 Conscription
38:19 Blast Furnace
37:35 Leather Archer Armor
37:28 Thumb Ring
38:05 Pikeman
42:11 Kataparuto
42:36 Horse Collar
43:06 Man-at-Arms
45:58 Long Swordsman
47:14 Ring Archer Armor
47:38 Arbalester
55:57 Heavy Plow
mati
15:50 Feudal Age
14:06 Loom
16:41 Double-Bit Axe
16:40 Horse Collar
21:24 Castle Age
20:52 Stone Mining
22:13 Wheelbarrow
24:10 Fletching
24:52 Bodkin Arrow
24:57 Padded Archer Armor
25:42 Thumb Ring
30:35 Scale Barding Armor
31:46 Husbandry
31:56 Bloodlines
34:21 Bow Saw
34:41 Town Watch
35:05 Husbandry
36:56 Hand Cart
38:14 Town Patrol
43:51 Imperial Age
43:09 Corvinian Army
43:34 Chain Barding Armor
45:45 Heavy Plow
47:05 Elite Magyar Huszar
50:41 Parthian Tactics
51:18 Conscription
51:40 Bracer
51:56 Leather Archer Armor
53:50 Plate Barding Armor
54:01 Crop Rotation
54:32 Two-Man Saw
53:39 Recurve Bow
55:50 Ballistics
56:31 Chemistry
xX_Miliano_Xx
14:22 Feudal Age
14:49 Horse Collar
15:11 Double-Bit Axe
19:32 Wheelbarrow
20:10 Scale Mail Armor
23:06 Fletching
23:17 Padded Archer Armor
27:22 Forging
34:49 Castle Age
35:19 Capped Ram
35:21 Pikeman
36:19 Chain Mail Armor
36:00 Bodkin Arrow
36:21 Leather Archer Armor
35:29 Elite Skirmisher
36:26 Crossbowman
EnanaAtomica
13:37 Feudal Age
12:14 Loom
17:32 Castle Age
16:54 Double-Bit Axe
21:13 Town Watch
21:43 Gold Mining
32:06 Imperial Age
30:12 Wheelbarrow
30:41 Scale Mail Armor
30:50 Scale Barding Armor
30:55 Forging
30:36 Fletching
31:08 Ballistics
32:50 Hand Cart
32:35 Town Patrol
32:39 Padded Archer Armor
32:19 Elite Skirmisher
33:19 Masonry
33:54 Bow Saw
36:36 Chemistry
35:31 Murder Holes
36:33 Leather Archer Armor
36:13 Bodkin Arrow
35:45 Imperial Skirmisher
39:19 Cavalier
41:04 Chain Barding Armor
41:19 Iron Casting
44:04 Ring Archer Armor
43:34 Bracer
44:11 Plate Barding Armor
51:29 Bloodlines
51:40 Bloodlines
Wospenzukh
5:56 Loom
14:13 Feudal Age
14:17 Man-at-Arms
14:52 Double-Bit Axe
15:39 Long Swordsman
16:05 Arson
16:38 Gold Mining
18:49 Scale Mail Armor
19:00 Forging
19:15 Town Watch
20:18 Fishing Lines
24:51 Castle Age
25:41 Two-Handed Swordsman
26:16 Gambesons
27:01 Squires
27:42 Fletching
28:08 Bow Saw
27:52 Stone Mining
28:04 Fishing Lines
28:44 Bodkin Arrow
35:33 Imperial Age
35:41 Wheelbarrow
35:43 Padded Archer Armor
36:12 Gillnets
37:13 Chain Mail Armor
38:46 Wheelbarrow
38:48 Plate Mail Armor
45:01 Champion
50:28 Fereters
50:46 Conscription
54:59 Plate Mail Armor
57:31 Iron Casting
ufokinw0tm8
5:21 Loom
14:16 Feudal Age
15:40 Town Watch
23:04 Castle Age
21:44 Double-Bit Axe
24:12 Forging
24:03 Scale Mail Armor
25:11 Arson
30:07 Wheelbarrow
31:32 Bow Saw
35:45 Gold Mining
39:51 Squires
42:37 Imperial Age
42:45 Shield Wall
43:50 Conscription
44:12 Iron Casting
43:53 Chain Mail Armor
43:57 Elite Varangian Guard
45:46 Elite Hearth Troop
47:46 Plate Mail Armor
49:39 Fletching
50:18 Stone Mining
53:35 Hand Cart
54:23 Two-Man Saw
53:06 Horse Collar
55:20 Town Patrol
showland_wolf
5:01 Loom
6:13 Loom
16:07 Feudal Age
17:33 Town Watch
17:56 Double-Bit Axe
21:29 Castle Age
19:41 Gold Mining
21:32 Forging
21:28 Scale Barding Armor
23:21 Bow Saw
23:21 Husbandry
24:03 Gold Shaft Mining
27:05 Wheelbarrow
35:34 Imperial Age
35:51 Cavalier
37:41 Hand Cart
37:22 Fletching
38:07 Iron Casting
39:17 Stone Mining
40:34 Blast Furnace
39:30 Bodkin Arrow
40:12 Conscription
40:29 Hoardings
42:00 Chain Barding Armor
41:15 Elite Skirmisher
42:50 Padded Archer Armor
42:53 Scale Mail Armor
43:48 Light Cavalry
46:10 Chivalry
46:48 Plate Barding Armor
46:14 Treadmill Crane
46:31 Murder Holes
50:05 Chain Mail Armor
50:06 Leather Archer Armor
50:08 Paladin
51:37 Squires
51:24 Arson
53:58 Plate Mail Armor
54:12 Pikeman
54:53 Halberdier
56:36 Fishing Lines
Yee
5:28 Loom
14:25 Feudal Age
18:07 Castle Age
16:37 Double-Bit Axe
17:09 Horse Collar
20:40 Bow Saw
22:23 Fishing Lines
25:04 Gillnets
26:29 Wheelbarrow
32:18 Imperial Age
29:45 Fletching
30:40 Ballistics
30:22 Padded Archer Armor
30:31 Thumb Ring
31:10 Bodkin Arrow
31:18 Gold Mining
32:07 Forging
32:19 Leather Archer Armor
33:24 Iron Casting
33:06 Bracer
32:54 Heavy Cavalry Archer
34:35 Scale Barding Armor
34:56 Parthian Tactics
36:34 Chemistry
36:33 Parthian Tactics
37:34 Conscription
38:37 Bloodlines
38:28 Husbandry
37:49 Light Cavalry
39:33 Hussar
44:58 Blast Furnace
52:08 Chain Barding Armor
53:49 Plate Barding Armor
Connection lost

Rejoining the realm…

Still unreachable

The connection could not be restored.

Session expired

The server has moved on; the page needs a fresh start.